 Dungeon Crawl Stone Soup version 0.29-a0-563-g64e4043184 (webtiles) character file.

Game seed: 11477728049476765873

32 spaghetti the Covert (level 3, 7/26 HPs)
             Began as an Octopode Delver on June 12, 2022.
             Quit the game on level 5 of the Dungeon.
             The game lasted 00:00:17 (30 turns).

spaghetti the Covert (Octopode Delver)                Turns: 30, Time: 00:00:18

Health: 7/26       AC:  1    Str: 11    XL:     3   Next: 27%
Magic:  3/3        EV: 13    Int: 12    God:
Gold:   0          SH:  0    Dex: 15    Spells: 2/2 levels left

rFire   . . .      SeeInvis .   a - +0 short sword {short}
rCold   . . .      Faith    .   (no shield)
rNeg    . . .      Spirit   .   (helmet restricted)
rPois   .          Reflect  .   (no amulet)
rElec   .          Harm     .   (no ring)
rCorr   .          Rampage  .   (no ring)
Will    .....                   (no ring)
Stlth   +++++.....              (no ring)
HPRegen 0.08/turn               (no ring)
MPRegen 0.08/turn               (no ring)
                                (no ring)
                                (no ring)

@: no status effects
A: almost no armour, amphibious, 8 rings, camouflage 1, gelatinous body 1,
(nimble swimmer 1), tentacles
a: no special abilities


You were on level 5 of the Dungeon.
You visited 1 branch of the dungeon, and saw 1 of its levels.


Innate Abilities, Weirdness & Mutations

You cannot wear most types of armour.
You are amphibious.
You can wear up to eight rings at the same time.
Your skin changes colour to match your surroundings (Stealth+).
Your rubbery body absorbs attacks. (AC +1, EV +1)
((You are camouflaged when in or above water. (Stealth+)))
You have tentacles for arms and can constrict up to eight enemies at once.


   Skills:
 - Level 3.0 Fighting
 - Level 2.0 Short Blades
 - Level 2.0 Dodging
 + Level 8.0 Stealth


You had 2 spell levels left.
You didn't know any spells.
Your spell library was empty.

Inventory:

Hand Weapons
 a - a +0 short sword (weapon) {short}
Wands
 f - a wand of digging (3)
Scrolls
 b - a scroll of fog
 c - a scroll of magic mapping {!r}
 d - a scroll of fear
Potions
 e - a potion of haste {@q3}

Dungeon Overview and Level Annotations

Branches:
Dungeon (5/15)
 Temple: D:4-7

Altars:

Annotations:
D:5 Pikel

#..........O
#.......w.K5
#.........5.
##......ghg. +.........+
#......g..# .. #.#..5..#
.. .....#.#..@#.# #..
.....#.#..)#.# #.#+#+#.
.....#...#.#.#
#.#.#.#.#.
............##.#.#.#.#.#
...........$..#.#.#.#.#
##.........#.#.#.#.#
#..........#.#.#.#.
#......#..#.#.#.#.#
#......##.##.#.#.#


You could see Pikel, an ogre, 3 lemures, a worm, a hound and 3 gnolls.


Message History

No target in view!
No target in view!
No target in view!
No target in view!
No target in view!
No target in view!
No target in view!
No target in view!
No target in view!
No target in view!
No target in view!
No target in view!
No target in view!
No target in view!
No target in view!
No target in view!
Key pressed, stopping explore.
An orc comes into view. It is wielding a +0 club.
The orc moves out of view.
An orc is nearby!
A hound comes into view.
The orc misses you.
You hit the orc. You grab the orc. You constrict the orc.
The orc hits you with a +0 club. 😮 HP[-4]
You take 4 damage, and now have 12/16 hp.
MASSIVE DAMAGE!! (PAUSE)
You hit the orc.
You kill the orc!
The hound barks!
The hound stops to sniff the ground.
A lemure comes into view.
You see here a +0 club {mace}.
The hound bites you but does no damage.
The lemure shouts!
You hit the hound. You grab the hound. You constrict the hound.
You hear a shout! x4
The hound bites you.
A gnoll comes into view. It is wielding a +0 spear. 😮 HP[-1]
You take 1 damage, and now have 11/16 hp.
The gnoll shouts!
You hit the hound. You constrict the hound. The hound closely misses you.
The hound misses you.
You hit the hound but do no damage.
Your tentacle-slap misses the hound.
You constrict the hound. The hound bites you.
* * * LOW HITPOINT WARNING * * *
😨 HP[-3]
You take 3 damage, and now have 8/16 hp.
You hit the hound.
You kill the hound!
A gnoll comes into view. It is wielding a +0 whip. x2
Your Stealth skill gained 2 levels and is now at level 8!
You have reached level 2!
You have reached level 3!
Your experience leads to an increase in your attributes!
Increase (S)trength, (I)ntelligence, or (D)exterity?
You feel agile. x2 😨 HP[+5] MP[+2]
You now have 26 max hp (+10).
You regained 5 hp, and now have 13/26 hp.
Your mp is fully restored (3).
You closely miss the lemure. You grab the lemure.
You constrict the lemure, but do no damage.
A hound comes into view.
A worm comes into view.
The lemure misses you.
The hound barks!
You hit the lemure.
You squeeze the lemure, but do no damage.
You constrict the lemure, but do no damage.
The lemure hits you.
* * * LOW HITPOINT WARNING * * *
Pikel, Merchant of Souls comes into view.
He is wielding a +2 whip of flaming.
A lemure comes into view.
Unknown command.
The lemure shouts!
You hit the lemure.
You squeeze the lemure, but do no damage.
You constrict the lemure.
You hear a shout!
The lemure hits you.
* * * LOW HITPOINT WARNING * * *
A lemure comes into view.
An ogre comes into view. It is wielding a +0 giant club.
The gnoll closely misses you. 😨 HP[-6]
You take 6 damage, and now have 7/26 hp.
MASSIVE DAMAGE!! (PAUSE)
You hear the hiss of flowing sand.
There is an entrance to an ossuary on this level.
Hurry and find it before the portal is buried!
Level annotation: Pikel 🤖 Initializing magus.rc ...
Options error: Delay interrupt name "hungry" not recognised. (~/.crawlrc:4761) Options error: Bad monster_list_colour key: strict_neutral (~/.crawlrc:4776) Bad channel name for runrest: 'pray:' ✅ Successfully initialized magus.rc [v1.9.6] Welcome back, spaghetti the Octopode Delver.
Press ? for a list of commands and other information.
Unknown command.
Are you sure you want to abandon this character and quit the game? (Confirm with "yes".)

Skill      XL: |  1 |
---------------+----+-----
Stealth        | 8 |  8.0
Fighting       | |  3.0
Short Blades   | |  2.0
Dodging        | |  2.0

Action                   || total
-------------------------++-------
Melee: Short sword       ||    10
       Constrict         ||     3
       Tentacles         ||     2
 Stab: Sleeping          ||     1
Armor: Skin              ||     1
Dodge: Dodged            ||     5

Levels and vault maps discovered:
D:5:      layout_basic, mainiacjoe_overflow_small_starburst, vehumet_crystals,
          minmay_temple_entry_statues_pillars, nicolae_ossuary_entry_monument,
          uniq_pikel

Notes
Turn   | Place    | Note
-------+----------+-------------------------------------------
     0 | D:5      | spaghetti the Octopode Delver began the quest for the Orb.
     0 | D:5      | Reached XP level 1. HP: 16/16 MP: 1/1
     0 | D:5      | magus.rc [v1.9.6]
    18 | D:5      | Noticed a hound
    21 | D:5      | Noticed a lemure
    26 | D:5      | Killed a hound
    27 | D:5      | Reached skill level 8 in Stealth
    27 | D:5      | Reached XP level 2. HP: 10/21 MP: 2/2
    27 | D:5      | Reached XP level 3. HP: 13/26 MP: 3/3
    28 | D:5      | Noticed Pikel
    28 | D:5      | Noticed a lemure
    29 | D:5      | Noticed a lemure
    29 | D:5      | Noticed an ogre
    30 | D:5      | magus.rc [v1.9.6]
    30 | D:5      | Quit the game

Vanquished Creatures
  A hound (D:5)
  An orc (D:5)
  A quokka (D:5)
3 creatures vanquished.

Table legend:
 A = Non-vault XP
 B = Vault XP
 C = Vault XP percentage of total XP
 D = Non-vault monster count
 E = Vault monster count
 F = Vault count percentage of total count
                 A         B        C        D         E       F
            +---------+---------+-------+---------+---------+-------
      Total |      47 |       0 |   0.0 |       3 |       0 |   0.0
            +---------+---------+-------+---------+---------+-------
        D:5 |      47 |       0 |   0.0 |       3 |       0 |   0.0
            +---------+---------+-------+---------+---------+-------

Illustrated notes

Table legend:
 A = Kills in this place as a percentage of kills in entire the game.
 B = Kills by you in this place as a percentage of kills by you in the entire game.
 C = Kills by friends in this place as a percentage of kills by friends in the entire game.
 D = Other kills in this place as a percentage of other kills in the entire game.
 E = Experience gained in this place as a percentage of experience gained in the entire game.
 F = Experience gained in this place divided by the number of levels of this place that you have seen.
                   A       B       C       D       E      F
               +-------+-------+-------+-------+-------+----------------------
         Total | 100.0 | 100.0 |   N/A |   N/A | 100.0 |  47.0
       Dungeon | 100.0 | 100.0 |   N/A |   N/A | 100.0 |  47.0
               +-------+-------+-------+-------+-------+----------------------

Table legend: (Time is in decaauts)
 A = Elapsed time spent in this place.
 B = Non-inter-level travel time spent in this place.
 C = Inter-level travel time spent in this place.
 D = Time resting spent in this place.
 E = Time spent auto-exploring this place.
 F = Levels seen in this place.
 G = Mean time per level.
                   A        B        C        D        E       F      G
               +--------+--------+--------+--------+--------+-----+--------+
         Total |     30 |     30 |      0 |      0 |      7 |   1 |   30.0 |
       Dungeon |     30 |     30 |      0 |      0 |      7 |   1 |   30.0 |
               +--------+--------+--------+--------+--------+-----+--------+

Top non-repeatable levels by time:
     D:5: 30 daAuts
